 Dungeon Crawl Stone Soup version 0.30-a0-141-g30f27751c5 (webtiles) character file.

Game seed: 5995315649275624029

1759 qw the Cleaver (level 9, -7/55 HPs)
             Began as a Gargoyle Fighter on Sept 25, 2022.
             Was a Believer of Okawaru.
             Mangled by Maggie
             ... wielding a +2 glaive of draining
              (11 damage)
             ... on level 7 of the Dungeon.
             The game lasted 00:02:36 (7575 turns).

qw the Cleaver (Gargoyle Fighter)                   Turns: 7575, Time: 00:02:37

Health: -7/55      AC: 24    Str: 24    XL:     9   Next: 7%
Magic:  11/12      EV:  8    Int:  9    God:    Okawaru [**....]
Gold:   463        SH:  5    Dex:  9    Spells: 8/8 levels left

rFire   . . .      SeeInvis .    Y - +2 war axe
rCold   + . .      Faith    .    c - +0 buckler
rNeg    + . .      Spirit   .    g - +0 plate armour
rPois   inf        Reflect  .    j - +1 hat
rElec   +          Harm     .    (no cloak)
rCorr   +          Rampage  .    h - +0 pair of gloves
Will    .....                    m - +0 pair of boots
Stlth   ..........               (no amulet)
HPRegen 0.18/turn                q - ring of resist corrosion
MPRegen 0.13/turn                s - ring of protection from cold

@: about to teleport, heroic
A: sickness immunity, AC +6, negative energy resistance 1, electricity
resistance, torment resistance 1, petrification resistance
a: Renounce Religion, Heroism


You were on level 7 of the Dungeon.
You worshipped Okawaru.
Okawaru was pleased with you.
You visited 2 branches of the dungeon, and saw 8 of its levels.

You collected 463 gold pieces.


Innate Abilities, Weirdness & Mutations

You are immune to sickness and miasma.
Your stone body is resilient. (AC +6)
You are immune to poison.
You resist negative energy. (rN+)
You are resistant to electric shocks. (rElec)
You are resistant to unholy torment.
You are immune to petrification.


   Skills:
 - Level 6.0(11.0) Fighting
 + Level 8.0(13.0) Axes
 - Level 1.8(6.8) Throwing
 - Level 5.0(10.0) Armour
 - Level 1.0(6.0) Dodging
 - Level 3.2(8.2) Shields
 - Level 4.0 Invocations


You had 8 spell levels left.
You didn't know any spells.
Your spell library was empty.

Inventory:

Hand Weapons
 b - a +0 flail
 Y - a +2 war axe (weapon)
Missiles
 f - a boomerang (quivered)
Armour
 c - a +0 buckler (worn)
 g - a +0 plate armour (worn)
 h - a +0 pair of gloves (worn)
 j - a +1 hat (worn)
 m - a +0 pair of boots (worn)
 o - a +1 chain mail of cold resistance
Jewellery
 q - a ring of resist corrosion (left hand)
 s - a ring of protection from cold (right hand)
Scrolls
 k - a scroll of teleportation
 l - 2 scrolls of identify
Potions
 a - a potion of attraction
 d - a potion of might
 e - a potion of mutation
 i - a potion of lignification
 n - 2 potions of curing
 p - a potion of magic {unknown}
 r - a potion of degeneration {unknown}

Dungeon Overview and Level Annotations

Branches:
Dungeon (7/15)             Temple (1/1) D:4

Altars:
Ashenzari
Dithmenos
Fedhas
Gozag
Hepliaklqana
Makhleb
Nemelex Xobeh
Okawaru
Qazlal
Ru
Sif Muna
Trog
Uskayaw
Vehumet
Wu Jian
Xom
Yredelemnul
Zin

Annotations:
D:6 1 runed translucent door, Crazy Yiuf
D:7 Maggie


Message History

Maggie hits you with a +2 glaive of draining!
Your base Fighting skill increases to level 6!
You closely miss Maggie.
Maggie is moderately wounded.
You miss the kobold.
You break out of your daze.
You hit Maggie but do no damage.
Maggie is moderately wounded.
You hit the kobold.
You kill the kobold!
Okawaru accepts your kill. Maggie hits you but does no damage.
The orc hits you but does no damage.
You hit Maggie.
Maggie is moderately wounded.
Maggie hits you with a +2 glaive of draining.
The orc hits you but does no damage.
You slash Maggie!
Maggie is heavily wounded.
The orc barely misses you.
Maggie hits you with a +2 glaive of draining!
You slash Maggie!
Maggie is severely wounded.
The orc hits you from afar with a +0 trident!
Maggie hits you with a +2 glaive of draining.
You closely miss Maggie.
Maggie is severely wounded.
You block the orc's attack. Maggie casts a spell at you.
The bolt of fire hits you!
7574 ||| READING 2 scrolls of teleportation.
As you read the scroll of teleportation, it crumbles to dust.
You feel strangely unstable. The orc hits you but does no damage.
Maggie gestures wildly while chanting.
Maggie attempts to bespell you! You resist with some effort.
You closely miss Maggie.
Maggie is severely wounded.
The orc barely misses you.
Maggie hits you with a +2 glaive of draining!
You die...

.............#
.............#
............##
.............
#.........
###......#
#..o)@)..###
#...)@.....###.
###.)..........
#.##....##...
## #.........
####........
#..#......#.
###...........
#.............
###...........


You could see Maggie and an orc.

Vanquished Creatures
  A centaur (D:5)
  3 phantoms
  A bullfrog (D:6)
  2 kobold brigands
  5 scorpions
  A necrophage (D:3)
  4 wights (D:4)
  A howler monkey (D:6)
  2 hounds
  2 orc priests
  A jelly (D:6)
  8 iguanas
  3 orc wizards
  9 adders
  3 shadow imps
  A white imp (D:6)
  2 worms (D:4)
  3 dart slugs
  27 orcs
  7 ball pythons
  7 bats
  2 endoplasms
  A giant cockroach (D:2)
  5 goblins
  6 hobgoblins
  4 jackals (D:1)
  11 kobolds
  3 quokkas
  6 frilled lizards
  7 rats
138 creatures vanquished.

Vanquished Creatures (others)
  A fungus (D:6)
1 creature vanquished.

Grand Total: 139 creatures vanquished

Notes
Turn   | Place    | Note
-------+----------+-------------------------------------------
     0 | D:1      | qw the Gargoyle Fighter began the quest for the Orb.
     0 | D:1      | Reached XP level 1. HP: 14/14 MP: 1/1
     0 | D:1      | 0 ||| qw: Version: 0.2-a-10-g399e6c4
     0 | D:1      | 0 ||| qw: Game counter: 222
     0 | D:1      | 0 ||| qw: Always use a shield: true
     0 | D:1      | 0 ||| qw: God list: Okawaru
     0 | D:1      | 0 ||| qw: Allow faded altars: false
     0 | D:1      | 0 ||| qw: Do Orc after D:15 true
     0 | D:1      | 0 ||| qw: Do second Lair branch before Depths: true
     0 | D:1      | 0 ||| qw: Lair rune preference: random
     0 | D:1      | 0 ||| qw: Plans: Normal, Zot:1-4, God:TSO, Crypt, Tomb,
                  | Pan, Slime:5, Hells, Abyss, Orb
     0 | D:1      | 0 ||| PLANNING D:1-11
    55 | D:1      | 55 ||| Stepping ~*~*~tactically~*~*~ (hiding).
    62 | D:1      | Reached skill level 2 in Axes
   522 | D:1      | Reached XP level 2. HP: 19/19 MP: 2/2
   964 | D:1      | 964 ||| Stepping ~*~*~tactically~*~*~ (stealth).
  1235 | D:1      | 1235 ||| UPGRADING to +0 pair of boots.
  1240 | D:1      | 1240 ||| UPGRADING to +0 chain mail.
  1250 | D:1      | 1250 ||| DROPPING +0 scale mail.
  1251 | D:1      | 1251 ||| READING scroll labelled GYBEJE MESCHO.
  1252 | D:1      | 1252 ||| READING scroll labelled SOZXIAGOC.
  1253 | D:1      | 1253 ||| READING 2 scrolls labelled GODY HAODGHUHUE.
  1254 | D:1      | 1254 ||| READING scroll labelled MENUHE OSUHOAC.
  1259 | D:1      | 1259 ||| DROPPING scroll of butterflies.
  1346 | D:2      | 1346 ||| Stepping ~*~*~tactically~*~*~ (hiding).
  1347 | D:2      | 1347 ||| Stepping ~*~*~tactically~*~*~ (hiding).
  1354 | D:2      | Reached skill level 3 in Axes
  1357 | D:2      | Reached XP level 3. HP: 23/23 MP: 3/3
  1390 | D:2      | 1390 ||| Stepping ~*~*~tactically~*~*~ (hiding).
  1513 | D:2      | 1513 ||| Stepping ~*~*~tactically~*~*~ (stealth).
  1516 | D:2      | 1516 ||| Stepping ~*~*~tactically~*~*~ (stealth).
  1639 | D:2      | 1639 ||| Stepping ~*~*~tactically~*~*~ (stealth).
  1771 | D:2      | Reached XP level 4. HP: 23/28 MP: 4/4
  1822 | D:2      | 1822 ||| DROPPING +0 club.
  2309 | D:2      | 2309 ||| UPGRADING to +1 hat.
  2314 | D:2      | 2314 ||| READING scroll labelled SIBE SIWEGA.
  2315 | D:2      | 2315 ||| DRINKING 2 fuming coppery potions.
  2370 | D:2      | 2370 ||| DRINKING 2 yellow potions.
  2484 | D:3      | Reached skill level 4 in Axes
  3340 | D:3      | 3340 ||| Stepping ~*~*~tactically~*~*~ (water).
  3347 | D:3      | 3347 ||| READING scroll labelled OBLUGO ICEBE.
  3348 | D:3      | 3348 ||| READING scroll labelled ZELIKHL UBOMAZILL.
  3349 | D:3      | 3349 ||| READING scroll labelled URRESE ICICH.
  3350 | D:3      | 3350 ||| DRINKING 2 sapphire potions.
  3351 | D:3      | 3351 ||| DRINKING 2 red potions.
  3352 | D:3      | 3352 ||| DROPPING potion of brilliance.
  3410 | D:4      | Noticed a kobold brigand
  3411 | D:4      | 3411 ||| FLEEEEING.
  3412 | D:4      | 3412 ||| FLEEEEING.
  3413 | D:4      | 3413 ||| FLEEEEING.
  3414 | D:4      | 3414 ||| FLEEEEING.
  3415 | D:4      | 3415 ||| FLEEEEING.
  3416 | D:4      | 3416 ||| FLEEEEING.
  3417 | D:4      | 3417 ||| STAIRDANCE
  3423 | D:3      | 3423 ||| DRINKING 3 potions of curing.
  3423 | D:3      | 3423 ||| (to cure confusion)
  3435 | D:3      | Reached XP level 5. HP: 26/32 MP: 5/5
  3497 | D:4      | 3497 ||| STAIRDANCE
  3507 | D:3      | Killed a kobold brigand
  3508 | D:3      | Reached skill level 5 in Axes
  3587 | D:4      | 3587 ||| STAIRDANCE
  3653 | D:3      | 3653 ||| DROPPING +0 whip.
  3659 | D:4      | 3659 ||| STAIRDANCE
  3667 | D:3      | Reached skill level 1 in Throwing
  3667 | D:3      | Reached XP level 6. HP: 37/37 MP: 6/6
  3669 | D:4      | 3669 ||| STAIRDANCE
  3845 | D:4      | Found a staircase to the Ecumenical Temple.
  3846 | D:4      | 3846 ||| PLANNING TEMPLE
  3846 | D:4      | 3846 ||| READING scroll labelled WUETESMUMMI.
  3847 | D:4      | 3847 ||| DRINKING 2 metallic black potions.
  3848 | D:4      | 3848 ||| READING 3 scrolls of identify.
  3848 | D:4      | 3848 ||| IDENTIFYING fizzy blue potion
  3849 | D:4      | 3849 ||| READING 2 scrolls of identify.
  3849 | D:4      | 3849 ||| IDENTIFYING fuming emerald potion
  3850 | D:4      | 3850 ||| DROPPING potion of flight.
  3856 | Temple   | Entered the Ecumenical Temple
  3899 | Temple   | 3899 ||| PLANNING OKAWARU WORSHIP
  3948 | Temple   | Became a worshipper of Warmaster Okawaru
  3949 | Temple   | 3949 ||| PLANNING D:1-11
  4007 | D:4      | Found a sparkling altar of Nemelex Xobeh.
  4094 | D:4      | 4094 ||| Stepping ~*~*~tactically~*~*~ (stealth).
  4100 | D:4      | Reached XP level 7. HP: 17/44 MP: 7/7
  4119 | D:4      | 4119 ||| FLEEEEING.
  4120 | D:4      | 4120 ||| FLEEEEING.
  4130 | D:4      | 4130 ||| FLEEEEING.
  4131 | D:4      | 4131 ||| FLEEEEING.
  4132 | D:4      | 4132 ||| FLEEEEING.
  4133 | D:4      | 4133 ||| FLEEEEING.
  4134 | D:4      | 4134 ||| FLEEEEING.
  4135 | D:4      | 4135 ||| FLEEEEING.
  4136 | D:4      | 4136 ||| FLEEEEING.
  4137 | D:4      | 4137 ||| FLEEEEING.
  4138 | D:4      | 4138 ||| FLEEEEING.
  4139 | D:4      | 4139 ||| FLEEEEING.
  4140 | D:4      | 4140 ||| FLEEEEING.
  4141 | D:4      | 4141 ||| FLEEEEING.
  4142 | D:4      | 4142 ||| FLEEEEING.
  4143 | D:4      | 4143 ||| STAIRDANCE
  4289 | D:3      | 4289 ||| UPGRADING to +0 plate armour.
  4299 | D:3      | 4299 ||| DROPPING +0 chain mail.
  4318 | D:4      | Reached skill level 6 in Axes
  4347 | D:4      | HP: 10/44 [wight/+3 battleaxe (14)]
  4348 | D:4      | 4348 ||| DRINKING potion of heal wounds.
  4354 | D:4      | HP: 7/44 [wight/+3 battleaxe (9)]
  5003 | D:4      | 5003 ||| Stepping ~*~*~tactically~*~*~ (stealth).
  5106 | D:4      | 5106 ||| UPGRADING to +0 pair of gloves.
  5111 | D:4      | 5111 ||| READING 2 scrolls of identify.
  5111 | D:4      | 5111 ||| IDENTIFYING silvery potion
  5112 | D:4      | 5112 ||| DROPPING potion of invisibility.
  5141 | D:5      | Entered Level 5 of the Dungeon
  5145 | D:5      | 5145 ||| Stepping ~*~*~tactically~*~*~ (stealth).
  5147 | D:5      | 5147 ||| Stepping ~*~*~tactically~*~*~ (stealth).
  5155 | D:5      | 5155 ||| Stepping ~*~*~tactically~*~*~ (stealth).
  5255 | D:5      | 5255 ||| Stepping ~*~*~tactically~*~*~ (stealth).
  5423 | D:5      | 5423 ||| Stepping ~*~*~tactically~*~*~ (stealth).
  5522 | D:5      | Reached * piety under Okawaru
  5523 | D:5      | Reached skill level 7 in Axes
  5596 | D:5      | Reached skill level 1 in Invocations
  5596 | D:5      | Reached XP level 8. HP: 48/48 MP: 8/8
  5951 | D:5      | 5951 ||| INVOKING Heroism.
  5955 | D:5      | Reached skill level 1 in Dodging
  6149 | D:5      | 6149 ||| Stepping ~*~*~tactically~*~*~ (stealth).
  6162 | D:5      | Reached skill level 3 in Invocations
  6163 | D:5      | 6163 ||| DROPPING scarf of invisibility.
  6164 | D:5      | 6164 ||| READING 2 scrolls of identify.
  6164 | D:5      | 6164 ||| IDENTIFYING lumpy silvery potion
  6165 | D:5      | 6165 ||| DROPPING potion of berserk rage.
  6186 | D:6      | 6186 ||| PLANNING OSSUARY
  6287 | D:6      | 6287 ||| READING scroll of enchant weapon.
  6287 | D:6      | 6287 ||| ENCHANTING +1 war axe.
  6437 | D:6      | 6437 ||| Stepping ~*~*~tactically~*~*~ (hiding).
  6640 | D:6      | 6640 ||| Stepping ~*~*~tactically~*~*~ (stealth).
  6641 | D:6      | 6641 ||| Stepping ~*~*~tactically~*~*~ (stealth).
  6642 | D:6      | 6642 ||| Stepping ~*~*~tactically~*~*~ (stealth).
  6656 | D:6      | 6656 ||| Stepping ~*~*~tactically~*~*~ (stealth).
  6669 | D:6      | Reached ** piety under Okawaru
  6670 | D:6      | Reached skill level 8 in Axes
  6694 | D:6      | 6694 ||| Stepping ~*~*~tactically~*~*~ (stealth).
  6696 | D:6      | 6696 ||| Stepping ~*~*~tactically~*~*~ (hiding).
  6697 | D:6      | 6697 ||| Stepping ~*~*~tactically~*~*~ (hiding).
  6702 | D:6      | 6702 ||| INVOKING Heroism.
  6716 | D:6      | 6716 ||| Stepping ~*~*~tactically~*~*~ (stealth).
  6740 | D:6      | 6740 ||| Stepping ~*~*~tactically~*~*~ (stealth).
  6925 | D:6      | 6925 ||| RIP OSSUARY
  6967 | D:6      | Found a runed translucent door.
  6968 | D:6      | 6968 ||| PLANNING D:1-11
  6968 | D:6      | Noticed Crazy Yiuf
  7032 | D:6      | Found a broken altar of Ashenzari.
  7035 | D:6      | 7035 ||| INVOKING Heroism.
  7068 | D:6      | Identified the +0 spear "Jengel" {venom, Contam rPois rN+++
                  | rCorr}
  7149 | D:6      | 7149 ||| Stepping ~*~*~tactically~*~*~ (stealth).
  7154 | D:6      | 7154 ||| Stepping ~*~*~tactically~*~*~ (stealth).
  7155 | D:6      | 7155 ||| Stepping ~*~*~tactically~*~*~ (stealth).
  7156 | D:6      | 7156 ||| Stepping ~*~*~tactically~*~*~ (stealth).
  7334 | D:6      | Found a bloodstained altar of Trog.
  7338 | D:6      | Found a hide-covered altar of Uskayaw.
  7352 | D:6      | Reached XP level 9. HP: 52/54 MP: 12/12
  7492 | D:6      | 7492 ||| UPGRADING to ring of resist corrosion.
  7493 | D:6      | 7493 ||| UPGRADING to ring of protection from cold.
  7545 | D:7      | 7545 ||| INVOKING Heroism.
  7545 | D:7      | Noticed Maggie
  7566 | D:7      | 7566 ||| INVOKING Heroism.
  7568 | D:7      | Reached skill level 6 in Fighting
  7573 | D:7      | HP: 3/55 [Maggie/bolt of fire (16)]
  7574 | D:7      | 7574 ||| READING 2 scrolls of teleportation.
  7575 | D:7      | Mangled by Maggie

Levels and vault maps discovered:
D:1:      dpeg_arrival_leaves_temple_mockup, layout_basic
D:2:      layout_loops_ring
D:3:      layout_basic, hangedman_decor_opposing, serial_bayou_crossing
D:4:      layout_basic, nemelex_xobeh_ov_fountains_minmay,
          minmay_temple_entry_fiery
D:5:      layout_gridville
D:6:      layout_layer_cave, mainiacjoe_overflow_boulevard, minitemple,
          chequers_ossuary_entry_cave, kennysheep_generic_room_15,
          uniq_crazy_yiuf_cottage
D:7:      layout_cave_pools, uniq_maggie
Temple:   compressed_dpeg_circular_temple

Skill      XL: |  1  2  3  4  5  6  7  8  9 |
---------------+----------------------------+-----
Axes           | 2 3 4 5 7 8 |  8.0
Throwing       | 1 |  1.8
Fighting       | 4 5 6 |  6.0
Armour         | 4 5 |  5.0
Invocations    | 1 4 |  4.0
Dodging        | 1 |  1.0
Shields        | |  3.2

Action                   |  1- 3 |  4- 6 |  7- 9 || total
-------------------------+-------+-------+-------++-------
Melee: War axe           |    96 |   165 |   220 ||   481
Throw: Boomerang         |       |     3 |    41 ||    44
Invok: Heroism           |       |       |     5 ||     5
  Use: Scroll            |     4 |     7 |     4 ||    15
       Potion            |       |     6 |     1 ||     7
 Stab: Distracted        |       |       |     1 ||     1
Armor: Scale mail        |    26 |       |       ||    26
       Chain mail        |    16 |   110 |       ||   126
       Plate armour      |       |       |   171 ||   171
Dodge: Dodged            |    39 |    48 |    60 ||   147
Block: Buckler           |    20 |    31 |    34 ||    85

Table legend:
 A = Non-vault XP
 B = Vault XP
 C = Vault XP percentage of total XP
 D = Non-vault monster count
 E = Vault monster count
 F = Vault count percentage of total count
                 A         B        C        D         E       F
            +---------+---------+-------+---------+---------+-------
      Total |    2514 |       0 |   0.0 |     138 |       0 |   0.0
            +---------+---------+-------+---------+---------+-------
        D:1 |      26 |       0 |   0.0 |      14 |       0 |   0.0
        D:2 |      66 |       0 |   0.0 |      26 |       0 |   0.0
        D:3 |     259 |       0 |   0.0 |      19 |       0 |   0.0
        D:4 |     657 |       0 |   0.0 |      31 |       0 |   0.0
        D:5 |     683 |       0 |   0.0 |      19 |       0 |   0.0
        D:6 |     665 |       0 |   0.0 |      18 |       0 |   0.0
        D:7 |     158 |       0 |   0.0 |      11 |       0 |   0.0
            +---------+---------+-------+---------+---------+-------
